 Dungeon Crawl Stone Soup version 0.30-a0-755-g0b50240ab4 (webtiles) character file.

Game seed: 12539514392977349254

163715 Gargoyl the Severer (level 17, 0/154 (172) HPs)
             Began as a Gargoyle Berserker on Feb 9, 2023.
             Was an Elder of Trog.
             Killed from afar by a deep elf death mage (14 damage)
             ... with a bolt of negative energy
             ... on level 3 of the Elven Halls.
             The game lasted 00:48:39 (22533 turns).

Gargoyl the Severer (Gargoyle Berserker)           Turns: 22533, Time: 00:48:40

HP:   0/154 (172)   AC: 49    Str: 26    XL:     17   Next: 84%
MP:   17/17         EV: 13    Int:  4    God:    Trog [****..]
Gold: 2437          SH: 17    Dex: 20    Spells: 16/16 levels left

rFire   . . .      SeeInvis .    K - +3 war axe (elec)
rCold   . . .      Faith    .    L - +3 buckler
rNeg    + . .      Spirit   .    X - +1 crystal plate armour "Kixtefuw" {Regen+ Int-5 Dex+3}
rPois   ∞          Reflect  +    Y - +2 helmet
rElec   +          Harm     .    v - +2 cloak
rCorr   .          Rampage  +    T - +1 pair of gloves of Hotumum {Rampage}
Will    +++..      Clarity  +    (no boots) Stlth
                                 q - amulet of reflection
HPRegen 2.25/turn                d - +6 ring of dexterity
MPRegen 0.15/turn                i - +5 ring of evasion

@: berserking (expiring), strong-willed, flying, regenerating, heavily drained,
very quick
A: sickness immunity, AC +12, big wings, negative energy resistance 1,
electricity resistance, torment resistance 1, petrification resistance,
iridescent scales 1, clarity
a: Renounce Religion, Berserk, Trog's Hand, Brothers in Arms


You were on level 3 of the Elven Halls.
You worshipped Trog.
Trog was greatly pleased with you.
You visited 4 branches of the dungeon, and saw 25 of its levels.
You visited the Abyss 2 times.
You also visited: Sewer.

You collected 2827 gold pieces.
You spent 390 gold pieces at shops.

Inventory:

Hand Weapons
 k - a +1 broad axe of flaming
 l - a +5 war axe of venom
 F - a +2 spear
 K - a +3 war axe of electrocution (weapon)
 Z - a +2 broad axe of draining
Missiles
 g - 27 poisoned darts (quivered)
 B - 3 throwing nets
Armour
 t - a +3 chain mail of fire resistance
 v - a +2 cloak (worn)
 L - a +3 buckler (worn)
 T - the +1 pair of gloves of Hotumum (worn) {Rampage}
   (You found it on level 10 of the Dungeon)

   Rampage:   It bestows one free step when moving towards enemies.
 X - the +1 crystal plate armour "Kixtefuw" (worn) {Regen+ Int-5 Dex+3}
   (You found it on level 3 of the Lair of Beasts)

   Int:       It affects your intelligence (-5).
   Dex:       It affects your dexterity (+3).
   Regen:     It increases your rate of health regeneration.
 Y - a +2 helmet (worn)
Jewellery
 d - a +6 ring of dexterity (left hand)
 i - a +5 ring of evasion (right hand)
 o - an amulet of magic regeneration
 q - an amulet of reflection (around neck)
 D - a ring of protection from fire
 E - a ring of protection from cold
 M - a ring of protection from cold
 Q - a ring of magical power
 R - a ring of positive energy
Wands
 b - a wand of light (10)
 j - a wand of mindburst (15)
 n - a wand of roots (17)
 p - a wand of polymorph (21)
 r - a wand of paralysis (24)
 C - a wand of flame (63)
Scrolls
 a - a scroll of acquirement
 c - a scroll of blinking
 e - a scroll of magic mapping
 y - a scroll of fear
 A - 11 scrolls of identify
 N - 3 scrolls of poison
 O - 3 scrolls of enchant armour
 P - 3 scrolls of fog
 V - a scroll of silence
Potions
 f - 6 potions of haste
 h - 3 potions of invisibility
 m - 6 potions of curing
 s - 3 potions of cancellation
 u - 2 potions of resistance
 w - 4 potions of magic
 x - a potion of ambrosia
 z - 7 potions of might
 J - 2 potions of heal wounds
 S - 3 potions of mutation
 U - 6 potions of lignification


   Skills:
 + Level 16.2 Fighting
 + Level 2.0 Long Blades
 + Level 17.8 Axes
 + Level 0.6 Throwing
 + Level 14.8 Armour
 + Level 4.3 Dodging
 + Level 1.1 Stealth
 + Level 16.7 Shields


You had 16 spell levels left.
You didn't know any spells.
Your spell library was empty.

Dungeon Overview and Level Annotations

Branches:
Dungeon (15/15)            Temple (0/1) D:4            Lair (5/5) D:10
  Swamp (0/4) Lair:2       Spider (0/4) Lair:3        Slime (0/5) Lair:4
    Orc (2/2) D:9             Elf (3/3) Orc:2        Vaults (0/5) D:14
 Depths (0/4) D:15          Sewer (visited)

Altars:
Ashenzari
Cheibriados
Elyvilon
Fedhas
Gozag
Hepliaklqana
Kikubaaqudgha
Nemelex Xobeh
Qazlal
Ru
Sif Muna
Trog
Uskayaw
Vehumet
The Shining One

Shops:
D:12 *   Orc:2 (*=(   Elf:1 =

Annotations:
D:15 4 transporters
Elf:3 Duil's ghost, adept DsCj; Gebyeck's ghost, adept FoFi; Hoyl's ghost, journeyman DsBr; Hup Xekk's ghost, adept GrFi; LetschGu's ghost, adept SpHu; Tijoc's ghost, journeyman FeWn


Innate Abilities, Weirdness & Mutations

You are immune to sickness and miasma.
Your stone body is resilient. (AC +12)
You are immune to poison.
Your large and strong wings let you fly.
You resist negative energy. (rN+)
You are resistant to electric shocks. (rElec)
You are resistant to unholy torment.
You are immune to petrification.
You are partially covered in iridescent scales. (AC +2)
You possess an exceptional clarity of mind.


Message History

The earth elemental completely resists.
The bolt of negative energy hits you! You partially resist.
You feel drained.
The deep elf demonologist gestures wildly while chanting.
The deep elf annihilator casts a spell.
The deep elf annihilator blinks!
You can move again.
You slice the deep elf blademaster!!
The deep elf blademaster is heavily wounded.
You slash the earth elemental! You hit the earth elemental.
You barely miss the deep elf high priest.
The deep elf blademaster hits you with a +0 rapier!
* * * LOW HITPOINT WARNING * * *
The deep elf blademaster hits you with a +0 rapier.
* * * LOW HITPOINT WARNING * * *
The earth elemental hits you but does no damage.
Unknown command.
You completely miss the deep elf blademaster.
The deep elf blademaster is heavily wounded.
You slash the deep elf high priest! You slash the earth elemental! x2
The air elemental fires a burst of electricity at you.
The stunning burst hits the earth elemental.
The earth elemental completely resists.
The stunning burst hits you! You resist.
You shrug off the repeated paralysis!
* * * LOW HITPOINT WARNING * * *
The deep elf elementalist casts a spell next to you.
You hear rumbling.
Nothing appears to happen.
The deep elf death mage casts a spell at you.
The bolt of negative energy hits you!! You partially resist.
You feel drained.
* * * LOW HITPOINT WARNING * * *
The deep elf elementalist casts a spell next to you.
You hear rumbling.
Nothing appears to happen.
The deep elf death mage points at you and mumbles some strange words.
The bolt of negative energy hits the air elemental.
The air elemental completely resists.
The bolt of negative energy hits the earth elemental.
The earth elemental completely resists.
The bolt of negative energy hits you! You partially resist.
You feel drained.
You die...

#............#..#..#
##................#
#.........e...#..#
#......###e.[....#
#...####/e.e....##
#####..eeeE4....#
......eEE2Ee...##
....e.eEEeE3.###
......)@ee####
###########


You could see a deep elf blademaster, a deep elf master archer, a deep elf
annihilator (empowered), 2 deep elf death magi, a deep elf sorcerer (fast,
empowered), 4 deep elf elementalists, a deep elf demonologist (empowered), an
orange demon (summoned), 3 deep elf high priests, 6 earth elementals, a sixfirhy
(summoned), a tormentor (summoned) and an air elemental.

Vanquished Creatures
  The ghost of Vafan the Slayer, a veteran FoFi of Okawaru (Elf:3)
  Rupert (Lair:4)
  A quicksilver dragon (Abyss:3)
  2 tentacled starspawn
  Gastronok (D:8)
  2 deep elf sorcerers (Elf:3)
  A draconian annihilator (Abyss:4)
  Nessos (Lair:4)
  2 deep elf demonologists
  A deep elf annihilator (Elf:1)
  An ettin (D:15)
  Fannar (Lair:1)
  A deep elf high priest (Elf:1)
  A great orb of eyes (Abyss:3)
  5 hydras
  2 vault guards (D:14)
  Erica (D:8)
  6 centaur warriors
  A merfolk avatar (Lair:5)
  A death knight (D:14)
  20 dancing weapons
  4 boulder beetles
  10 two-headed ogres
  7 tengu warriors
  A vampire mage (Abyss:3)
  An orc high priest (Orc:2)
  3 thrashing horrors
  16 deep elf knights
  A sun demon (Abyss:4)
  3 deep trolls (D:15)
  2 sea snakes (Lair:5)
  Pikel (D:7)
  6 deep elf archers
  5 orc knights
  A lindwurm (Lair:5)
  28 deep elf pyromancers
  4 wizards
  2 harpies (Lair:5)
  13 deep elf zephyrmancers
  A phantasmal warrior (D:14)
  2 necromancers
  8 ugly things
  A wolf spider (Lair:5)
  9 cyclopes
  6 oklob plants
  5 manticores
  An orc sorcerer (D:15)
  Maurice (D:10)
  8 elephants
  3 black mambas
  A guardian serpent (shapeshifter) (D:12)
  A gargoyle (D:12)
  Joseph (D:7)
  Maggie (D:7)
  11 cane toads
  An orange demon (Abyss:4)
  2 cane toads (shapeshifter)
  A freezing wraith (D:15)
  A yaktaur (D:10)
  An efreet (D:14)
  A kobold demonologist (D:10)
  5 rime drakes
  11 komodo dragons
  2 unseen horrors
  3 tengu conjurers
  2 ancient zymes
  2 polar bears
  A hellwing (Abyss:3)
  10 trolls
  A hornet (D:7)
  A wolf spider simulacrum (D:14)
  A large abomination (Abyss:3)
  17 blink frogs
  7 raiju (Abyss:3)
  A centaur simulacrum (D:14)
  2 snapping turtles (Lair:5)
  9 dream sheep
  2 air elementals
  3 slime creatures (D:15)
  2 water elementals
  Sigmund (D:4)
  5 wraiths
  31 yaks
  6 wyverns
  3 basilisks
  2 fire elementals (Elf:1)
  2 steam dragons (Lair:5)
  A hog (shapeshifter) (D:14)
  2 fire bats (Lair:4)
  A redback (shapeshifter) (D:14)
  21 humans (D:14)
  Menkaure (D:4)
  13 vampire mosquitoes
  Edmund (D:4)
  2 wargs
  4 acid dragons
  12 water moccasins
  4 black bears
  2 small abominations
  2 sky beasts
  40 orc warriors
  6 ogres
  19 centaurs
  16 wolves
  2 lemures (D:7)
  2 kobold brigands (D:10)
  6 bullfrogs
  2 earth elementals
  A gnoll sergeant (D:10)
  An elf skeleton (D:7)
  2 necrophages
  5 scorpions
  10 wights
  18 killer bees
  2 howler monkeys
  2 electric eels
  A lava snake (D:11)
  9 hounds
  2 jellies
  A gnoll bouda (D:6)
  A human zombie (D:7)
  Crazy Yiuf (D:4)
  14 orc priests
  15 iguanas
  18 orc wizards
  A human skeleton (D:7)
  4 hell rats (Lair:5)
  7 gnolls
  6 adders
  A shadow imp (D:5)
  2 white imps
  An ufetubus (D:6)
  3 worms
  3 dart slugs
  85 orcs
  11 endoplasms
  6 giant cockroaches
  16 goblins
  8 hobgoblins
  8 jackals
  6 quokkas
  9 ball pythons
  8 bats
  30 frilled lizards
  11 kobolds
  2 orc skeletons (D:7)
  An orc zombie (D:7)
  4 rats
  A fire vortex (Lair:4)
856 creatures vanquished.

Vanquished Creatures (collateral kills)
  Donald (Orc:2)
  6 dancing weapons
  2 deep elf knights (Elf:2)
  A skeletal warrior (D:14)
  A deep elf pyromancer (Elf:2)
  A deep elf zephyrmancer (Elf:2)
  An elephant (Lair:2)
  A freezing wraith (D:14)
  An air elemental (Elf:3)
  A water elemental (Elf:2)
  An earth elemental (Elf:3)
17 creatures vanquished.

Vanquished Creatures (others)
  A wizard (D:15)
  2 deep elf pyromancers
  A frilled lizard (Lair:2)
  35 fungi
  55 plants
  3 starspawn tentacles (Abyss:3)
97 creatures vanquished.

Grand Total: 970 creatures vanquished

Notes
Turn   | Place    | Note
-------+----------+-------------------------------------------
     0 | D:1      | Gargoyl the Gargoyle Berserker began the quest for the Orb.
     0 | D:1      | Reached XP level 1. HP: 14/14 MP: 1/1
   224 | D:1      | Reached XP level 2. HP: 19/19 MP: 2/2
   235 | D:1      | Reached skill level 3 in Axes
   532 | D:1      | Found a faded altar of an unknown god.
   598 | D:1      | Reached XP level 3. HP: 21/24 MP: 3/3
   702 | D:1      | Reached ** piety under Trog
  1030 | D:2      | Reached XP level 4. HP: 29/29 MP: 4/4
  1705 | D:3      | Reached skill level 4 in Axes
  1723 | D:3      | Found a broken altar of Ashenzari.
  1755 | D:3      | Found a snail-covered altar of Cheibriados.
  1904 | D:3      | Reached XP level 5. HP: 33/33 MP: 5/5
  2066 | D:3      | Found a blossoming altar of Fedhas.
  2104 | D:3      | Noticed a +0 dagger
  2168 | D:3      | Found a hide-covered altar of Uskayaw.
  2168 | D:3      | Noticed a +0 spear
  2168 | D:3      | Noticed a +0 dagger
  2173 | D:3      | Noticed a +0 short sword
  2175 | D:3      | Noticed a +0 short sword
  2176 | D:3      | Noticed a +0 falchion
  2176 | D:3      | Noticed a +0 falchion
  2176 | D:3      | Noticed a +0 spear
  2260 | D:3      | Reached *** piety under Trog
  2382 | D:4      | Reached XP level 6. HP: 39/39 MP: 6/6
  2404 | D:4      | Reached skill level 5 in Axes
  2434 | D:4      | Noticed Menkaure
  2442 | D:4      | Killed Menkaure
  2447 | D:4      | Reached XP level 7. HP: 44/44 MP: 7/7
  2547 | D:4      | Found a runed translucent door.
  2548 | D:4      | Noticed Crazy Yiuf
  2670 | D:4      | Found a bloodstained altar of Trog.
  2698 | D:4      | Reached skill level 6 in Axes
  2830 | D:4      | Found a staircase to the Ecumenical Temple.
  2838 | D:4      | Noticed Sigmund
  2838 | D:4      | Noticed Edmund
  2858 | D:4      | Killed Edmund
  2859 | D:4      | Reached skill level 7 in Axes
  2859 | D:4      | Reached XP level 8. HP: 48/48 MP: 8/8
  2862 | D:4      | Killed Sigmund
  2863 | D:4      | Reached skill level 5 in Fighting
  2951 | D:4      | Found a sparkling altar of Nemelex Xobeh.
  3086 | D:4      | Killed Crazy Yiuf
  3136 | D:5      | Entered Level 5 of the Dungeon
  3164 | D:5      | Found a glowing drain.
  3176 | Sewer    | Entered a sewer
  3488 | D:5      | Reached skill level 8 in Axes
  3502 | D:5      | Reached skill level 1 in Shields
  3503 | D:5      | Reached **** piety under Trog
  3957 | D:6      | Reached XP level 9. HP: 38/55 MP: 9/9
  4221 | D:6      | Reached skill level 9 in Axes
  4221 | D:6      | Reached skill level 5 in Armour
  4854 | D:7      | Gained mutation: You are strong-willed. (Will+) [potion of
                  | mutation]
  4855 | D:7      | Lost mutation: You are strong-willed. (Will+) [potion of
                  | mutation]
  4855 | D:7      | Gained mutation: Your magical capacity is low. (-10% MP)
                  | [potion of mutation]
  4856 | D:7      | Lost mutation: Your magical capacity is low. (-10% MP)
                  | [potion of mutation]
  4856 | D:7      | Gained mutation: Your flesh is heat resistant. (rF+)
                  | [potion of mutation]
  4856 | D:7      | Gained mutation: You are clumsy. (Dex -2) [potion of
                  | mutation]
  4856 | D:7      | Gained mutation: You have sharp toenails. [potion of
                  | mutation]
  4894 | D:7      | Noticed Joseph
  4903 | D:7      | Noticed Pikel
  4908 | D:7      | Killed Joseph
  4915 | D:7      | Killed Pikel
  4916 | D:7      | Reached skill level 10 in Axes
  4990 | D:7      | Reached XP level 10. HP: 45/61 MP: 10/10
  5636 | D:7      | Noticed Maggie
  5649 | D:7      | Killed Maggie
  5969 | D:8      | Noticed a two-headed ogre
  5983 | D:8      | Killed a two-headed ogre
  5984 | D:8      | Reached skill level 11 in Axes
  6151 | D:8      | Found a white marble altar of Elyvilon.
  6299 | D:8      | Found a sacrificial altar of Ru.
  6365 | D:8      | Noticed Gastronok
  6385 | D:8      | Killed Gastronok
  6386 | D:8      | Reached XP level 11. HP: 68/68 MP: 11/11
  6409 | D:8      | Noticed Erica
  6427 | D:8      | Killed Erica
  6833 | D:9      | Reached skill level 12 in Axes
  6958 | D:9      | Found a hazy altar of Hepliaklqana.
  6958 | D:9      | Found an opulent altar of Gozag.
  7030 | D:9      | Found a stormy altar of Qazlal.
  7030 | D:9      | Found a radiant altar of Vehumet.
  7031 | D:9      | Found an ancient bone altar of Kikubaaqudgha.
  7031 | D:9      | Found a glowing golden altar of the Shining One.
  7294 | D:9      | Found a staircase to the Orcish Mines.
  7327 | D:9      | Noticed a tengu warrior
  7340 | D:9      | Killed a tengu warrior
  7341 | D:9      | Reached skill level 5 in Shields
  7356 | D:9      | Noticed a two-headed ogre
  7356 | D:9      | Noticed a tengu warrior
  7362 | D:9      | Killed a two-headed ogre
  7382 | D:9      | Killed a tengu warrior
  7383 | D:9      | Reached skill level 1 in Stealth
  7491 | D:9      | Noticed a two-headed ogre
  7495 | D:9      | Noticed a cyclops
  7498 | D:9      | Killed a two-headed ogre
  7503 | D:9      | Noticed a boulder beetle
  7504 | D:9      | Killed a cyclops
  7517 | D:9      | Killed a boulder beetle
  7518 | D:9      | Reached XP level 12. HP: 60/76 MP: 12/12
  7572 | D:9      | Noticed a centaur warrior
  7577 | D:9      | Killed a centaur warrior
  7578 | D:9      | Reached skill level 13 in Axes
  7584 | D:9      | Noticed a tengu warrior
  7591 | D:9      | Killed a tengu warrior
  7914 | D:10     | Entered Level 10 of the Dungeon
  7943 | D:10     | Noticed a centaur warrior
  7946 | D:10     | Noticed a two-headed ogre
  7949 | D:10     | Noticed a tengu warrior
  7966 | D:10     | Killed a centaur warrior
  7972 | D:10     | Noticed a centaur warrior
  7975 | D:10     | Noticed Maurice
  7989 | D:10     | Identified the +3 arbalest "Buzireb" {speed, Dex+4}
  7989 | D:10     | Noticed a centaur warrior
  7990 | D:10     | Killed a centaur warrior
  8020 | D:9      | Killed a centaur warrior
  8324 | D:10     | Killed Maurice
  8445 | D:10     | Noticed a soul eater
  8455 | D:10     | Killed a tengu warrior
  8456 | D:10     | Reached skill level 10 in Armour
  8466 | D:10     | Noticed a two-headed ogre
  8476 | D:10     | Killed a two-headed ogre
  8477 | D:10     | Reached skill level 10 in Fighting
  8553 | D:10     | Noticed a tengu warrior
  8568 | D:10     | Killed a tengu warrior
  8606 | D:10     | Noticed a two-headed ogre
  8615 | D:10     | Killed a two-headed ogre
  8645 | D:10     | Killed a two-headed ogre
  8757 | D:10     | Reached XP level 13. HP: 82/82 MP: 13/13
  8775 | D:10     | Identified the +1 pair of gloves of Hotumum {Rampage}
  8958 | D:10     | Found a staircase to the Lair.
  9364 | D:10     | Reached skill level 14 in Axes
  9627 | Lair:1   | Entered Level 1 of the Lair of Beasts
 10408 | Lair:1   | Noticed Fannar
 10431 | Lair:1   | Killed Fannar
 10959 | Lair:2   | Found a staircase to the Swamp.
 11790 | Lair:3   | Identified the +1 crystal plate armour "Kixtefuw" {Regen+
                  | Int-5 Dex+3}
 12143 | Lair:3   | Found a hole to the Spider Nest.
 12214 | Lair:3   | Reached ***** piety under Trog
 12568 | Lair:4   | Reached skill level 10 in Shields
 12608 | Lair:4   | Gained mutation: Your large and strong wings let you fly.
                  | [Gargoyle growth]
 12608 | Lair:4   | Reached XP level 14. HP: 65/90 MP: 14/14
 12681 | Lair:4   | Noticed Rupert
 12690 | Lair:4   | Killed Rupert
 12691 | Lair:4   | Reached skill level 1 in Long Blades
 12830 | Lair:4   | Found a staircase to the Slime Pits.
 12981 | Lair:4   | Reached skill level 15 in Axes
 13122 | Lair:4   | Noticed Nessos
 13128 | Lair:4   | Killed Nessos
 13395 | Lair:5   | Entered Level 5 of the Lair of Beasts
 13527 | Lair:5   | Received a gift from Trog
 13803 | Lair:5   | Identified the +5 rapier "Daexeowy" {flame, rC++ rN+
                  | Will++}
 14275 | Lair:5   | Lost mutation: Your flesh is heat resistant. (rF+) [potion
                  | of mutation]
 14275 | Lair:5   | Lost mutation: You have sharp toenails. [potion of
                  | mutation]
 14275 | Lair:5   | Lost mutation: You are clumsy. (Dex -2) [potion of
                  | mutation]
 14275 | Lair:5   | Gained mutation: You are clumsy. (Dex -2) [potion of
                  | mutation]
 14276 | Lair:5   | Lost mutation: You are clumsy. (Dex -2) [potion of
                  | mutation]
 14276 | Lair:5   | Gained mutation: You passively map a small area around you.
                  | [potion of mutation]
 14859 | D:11     | Reached XP level 15. HP: 97/97 MP: 15/15
 15306 | D:12     | Reached skill level 16 in Axes
 15430 | D:12     | Found Fuless's Assorted Antiques.
 15791 | D:12     | Bought a scroll of teleportation for 90 gold pieces
 15791 | D:12     | Bought a runed helmet for 225 gold pieces
 17499 | D:14     | Found a gate to the Vaults.
 17664 | D:15     | Entered Level 15 of the Dungeon
 17773 | D:15     | Received a gift from Trog
 17840 | D:15     | Found a transporter.
 17842 | D:15     | Found a transporter.
 17869 | D:15     | Found a transporter.
 17932 | D:15     | Found a staircase to the Depths.
 17964 | Abyss:2  | Cast into level 2 of the Abyss (a wizard)
 18064 | Abyss:3  | Noticed a tentacled starspawn
 18067 | Abyss:3  | Noticed a quicksilver dragon
 18092 | Abyss:3  | Killed a quicksilver dragon
 18102 | Abyss:3  | Killed a tentacled starspawn
 18103 | Abyss:3  | Reached XP level 16. HP: 96/105 MP: 16/16
 18206 | Abyss:3  | Found a shimmering altar of Xom.
 18234 | Abyss:4  | Noticed a kraken
 18241 | D:15     | Escaped the Abyss
 18285 | Abyss:4  | Cast into level 4 of the Abyss (a wizard)
 18289 | Abyss:4  | Found a corrupted altar of Lugonu.
 18349 | Abyss:4  | Noticed a tentacled starspawn
 18365 | Abyss:4  | Killed a tentacled starspawn
 18371 | Abyss:4  | Found a corrupted altar of Lugonu.
 18375 | D:15     | Escaped the Abyss
 18511 | D:15     | Found a transporter.
 18919 | Orc:1    | Entered Level 1 of the Orcish Mines
 19105 | Orc:2    | Entered Level 2 of the Orcish Mines
 19107 | Orc:2    | Found Tilow's Antique Weapon Shop.
 19163 | Orc:2    | Found a staircase to the Elven Halls.
 19274 | Orc:1    | Received a gift from Trog
 19364 | Orc:1    | You are sucked into a shaft and drop 1 floor!
 19561 | Orc:2    | Gained mutation: You sometimes lose your temper in combat.
                  | [a neqoxec]
 19587 | Orc:2    | Noticed Donald
 19599 | Orc:2    | Killed Donald
 19739 | Orc:2    | Reached skill level 17 in Axes
 19939 | Orc:2    | Found Wugh's Antique Weapon Shoppe.
 19939 | Orc:2    | Found Nups's Jewellery Shop.
 19939 | Orc:2    | Found Tayrch's General Store.
 19962 | Orc:2    | Found Omedghi's Jewellery Emporium.
 19974 | Orc:2    | Bought a potion of heal wounds for 75 gold pieces
 20053 | Orc:2    | Found a shimmering blue altar of Sif Muna.
 20120 | Elf:1    | Entered Level 1 of the Elven Halls
 20135 | Elf:1    | Received a gift from Trog
 20149 | Elf:1    | Found Tiqef's Jewellery Shoppe.
 20204 | Elf:1    | Reached skill level 15 in Shields
 20210 | Elf:1    | Lost mutation: You sometimes lose your temper in combat.
                  | [potion of mutation]
 20210 | Elf:1    | Lost mutation: You passively map a small area around you.
                  | [potion of mutation]
 20210 | Elf:1    | Gained mutation: You possess an exceptional clarity of
                  | mind. [potion of mutation]
 20210 | Elf:1    | Gained mutation: You are partially covered in iridescent
                  | scales. (AC +2) [potion of mutation]
 20441 | Elf:1    | Reached skill level 15 in Fighting
 20592 | Elf:1    | Identified a scroll of acquirement
 21057 | Elf:1    | Reached XP level 17. HP: 109/113 MP: 13/17
 21217 | Elf:2    | Found a runed translucent gate.
 21226 | Elf:2    | Found a runed translucent gate.
 21226 | Elf:2    | Found a runed translucent gate.
 21282 | Elf:2    | Received a gift from Trog
 22280 | Elf:3    | Entered Level 3 of the Elven Halls
 22372 | Elf:3    | Found a huge runed gate.
 22372 | Elf:3    | Found a huge runed gate.
 22373 | Elf:3    | Found a huge runed gate.
 22380 | Elf:3    | Paralysed by an air elemental for 1 turns
 22384 | Elf:3    | Found a huge runed gate.
 22387 | Elf:3    | Found a huge runed gate.
 22388 | Elf:3    | Found a huge runed gate.
 22388 | Elf:3    | Found a huge runed gate.
 22389 | Elf:3    | Found a huge runed gate.
 22389 | Elf:3    | Found a huge runed gate.
 22390 | Elf:3    | Found a huge runed gate.
 22390 | Elf:3    | Found a huge runed gate.
 22391 | Elf:3    | Found a huge runed gate.
 22392 | Elf:3    | Found a huge runed gate.
 22397 | Elf:3    | Noticed LetschGu's ghost (adept SpHu)
 22397 | Elf:3    | Noticed Duil's ghost (adept DsCj)
 22397 | Elf:3    | Noticed Tijoc's ghost (journeyman FeWn)
 22397 | Elf:3    | Noticed Hup Xekk's ghost (adept GrFi)
 22397 | Elf:3    | Noticed Gebyeck's ghost (adept FoFi)
 22398 | Elf:3    | Noticed Vafan's ghost (veteran FoFi)
 22401 | Elf:3    | Noticed Hoyl's ghost (journeyman DsBr)
 22459 | Elf:3    | Killed Vafan's ghost
 22496 | Elf:3    | Noticed a deep elf blademaster
 22497 | Elf:3    | Noticed a deep elf master archer
 22508 | Elf:3    | Noticed an Executioner
 22509 | Elf:3    | Paralysed by an air elemental for 1 turns
 22530 | Elf:3    | Paralysed by an air elemental for 1 turns
 22533 | Elf:3    | Killed from afar by a deep elf death mage

Illustrated notes

Levels and vault maps discovered:
D:1:      roderic_dead_forest, layout_rooms, ebering_ecumenical_altar_hall,
          roderic_lattice_a, minmay_tripent
D:2:      layout_loops_cross
D:3:      layout_rooms, minitemple, nicolae_uskayaw_en_pointe,
          lemuel_crystal_altar, dreamdust_princess_bridge,
          amcnicky_mini_rare_corridor_liquid, cheibrodos_gnoll_hut
D:4:      layout_rooms, old_standard_altar, nemelex_altar_shiori,
          temple_doors_e, uniq_crazy_yiuf_cottage, uniq_sigmund, uniq_menkaure,
          uniq_edmund
D:5:      layout_rooms, cheibrodos_sewer_entry_drain
D:6:      layout_cave_pods, grunt_ministairs_4, hangedman_decor_slide_cut
D:7:      cheibrodos_helix_gallery, layout_loops_ring,
          nicolae_ossuary_entry_catacombs, dreamdust_mushroom_princess,
          uniq_joseph, uniq_maggie, uniq_pikel
D:8:      layout_loops_ring, amcnicky_altar_gilded,
          mainiacjoe_overflow_tiny_flanked, uniq_erica, uniq_gastronok
D:9:      minmay_sliced_demisemicircle, layout_loops_ring,
          gammafunk_temple_overflow_wave,
          chequers_temple_overflow_statue_of_worship, orc_0_dummy
D:10:     minmay_the_grid_square_5x5_4x4 [minmay_the_grid_square_5x5_shrine1,
          minmay_the_grid_square_5x5_hollow_slash,
          minmay_the_grid_square_5x5_lines, minmay_the_grid_square_5x5_fat_x,
          minmay_the_grid_square_5x5_inverted_slash,
          minmay_the_grid_square_5x5_prize_deathbox,
          minmay_the_grid_square_5x5_prize_pseudospiral,
          minmay_the_grid_square_5x5_minibox,
          minmay_the_grid_square_5x5_inner_v,
          minmay_the_grid_square_5x5_prize_itemx,
          minmay_the_grid_square_5x5_prize_rear_guard,
          minmay_the_grid_square_5x5_beaten_path,
          minmay_the_grid_square_5x5_three_walls,
          minmay_the_grid_square_5x5_two_walls_b,
          minmay_the_grid_square_5x5_corner,
          minmay_the_grid_square_5x5_sharp_hourglass], layout_loops_ring,
          dpeg_oklobed_lair, uniq_maurice
D:11:     layout_rooms, kennysheep_cross_bottleneck, minmay_holes
D:12:     layout_irregular_city, nicolae_inconvenience_store
D:13:     layout_small_grid, nicolae_elevator_lobby_plus
D:14:     layout_loops_corners, grunt_vaults_entry_tiered, grunt_ministairs_1,
          nrook_mini_vaults, chequers_serial_rivers_marsh,
          chequers_hall_statues_wall_a
D:15:     hangedman_depths_entry_civil_slaughter, layout_rooms,
          chequers_mini_garden, nicolae_diode_quadrants
Lair:1:   layout_layer_cave, grunt_megastairs_5, uniq_fannar
Lair:2:   lemuel_reptile_caves, layout_chaotic_city, minmay_swamp_entry_swarm
Lair:3:   layout_long_grid, spider_nest_entry_web_field
Lair:4:   layout_gridlike, slime_entry_1, st_stairs_3, serial_bayou_shore_b,
          uniq_nessos, uniq_rupert
Lair:5:   gammafunk_lair_ancient_temple, layout_regular_city, dpeg_oklob_1,
          serial_bayou_shore_a
Orc:1:    layout_caves
Orc:2:    st_orc_rangers, layout_diamond_mine, serial_shops, nicolae_shop_trees,
          led_sif_book, uniq_donald
Elf:1:    nicolae_elf_arrival_fired_up, layout_onion_city, serial_shops, shop,
          hangedman_elf_represent
Elf:2:    nicolae_elf_blades_crystal_corner, layout_geoelf_grid,
          corexii_checkpoint_b
Elf:3:    minmay_elf_hall_curves, layout_geoelf_castle, serial_shops, shop,
          gammafunk_ghost_door_vault, laboratory

Skill      XL: |  1  2  3  4  5  6  7  8  9 10 11 12 13 14 15 16 17 |
---------------+----------------------------------------------------+-----
Axes           | 3 4 5 7 8 10 11 12 13 14 15 16 17 | 17.8
Fighting       | 4 5 6 7 9 10 11 12 13 15 16 | 16.2
Dodging        | 2 3 4 |  4.3
Armour         | 3 4 6 8 9 10 11 12 13 14 | 14.8
Shields        | 1 3 4 5 8 10 12 13 15 16 | 16.7
Stealth        | 1 |  1.1
Long Blades    | 1 2 |  2.0
Throwing       | |  0.6

Action                     |  1- 3 |  4- 6 |  7- 9 | 10-12 | 13-15 | 16-18 || total
---------------------------+-------+-------+-------+-------+-------+-------++-------
  Melee: Hand axe          |   120 |   172 |   238 |   243 |       |       ||   773
         Punch             |       |     3 |     2 |     2 |       |       ||     7
         Kick              |       |       |     5 |   148 |   229 |       ||   382
         War axe           |       |       |       |   191 |  1129 |   834 ||  2154
         Scimitar          |       |       |       |       |    20 |     8 ||    28
  Throw: Dart              |       |       |       |     2 |     2 |       ||     4
 Invoke: Berserk           |     1 |     2 |     5 |    10 |    13 |     8 ||    39
         Trog's Hand       |       |     2 |     3 |    13 |    15 |    17 ||    50
         Brothers in Arms  |       |       |       |     2 |     1 |     5 ||     8
    Use: Scroll            |     4 |     1 |    16 |     4 |    11 |    12 ||    48
         Potion            |       |       |     3 |     2 |     2 |    11 ||    18
 Armour: Animal skin       |    33 |       |       |       |       |       ||    33
         Ring mail         |    22 |    30 |       |       |       |       ||    52
         Chain mail        |       |    13 |    88 |   208 |    80 |       ||   389
         Plate armour      |       |    37 |    53 |       |       |       ||    90
         Crystal plate arm |       |       |       |       |   467 |   495 ||   962
  Dodge: Dodged            |    87 |   124 |   205 |   238 |   463 |   285 ||  1402
  Block: Other             |       |       |    45 |    39 |       |       ||    84
         Reflection        |       |       |     3 |    15 |    17 |    97 ||   132
         Buckler           |       |       |       |   150 |   819 |   672 ||  1641

Table legend: (Time is in decaauts)
 A = Elapsed time spent in this place.
 B = Non-inter-level travel time spent in this place.
 C = Inter-level travel time spent in this place.
 D = Time resting spent in this place.
 E = Time spent auto-exploring this place.
 F = Levels seen in this place.
 G = Mean time per level.
                   A        B        C        D        E       F      G
               +--------+--------+--------+--------+--------+-----+--------+
         Total |  22479 |  21384 |   1095 |    393 |  14646 |  30 |  749.3 |
       Dungeon |  13390 |  12694 |    696 |    299 |   8950 |  15 |  892.7 |
          Lair |   4938 |   4662 |    276 |     49 |   3424 |   5 |  987.6 |
  Orcish Mines |   1167 |   1127 |     40 |      0 |    726 |   2 |  583.5 |
   Elven Halls |   2334 |   2252 |     82 |     45 |   1386 |   3 |  778.0 |
         Abyss |    333 |    333 |      0 |      0 |     81 |   4 |   83.2 |
         Sewer |    315 |    315 |      0 |      0 |     77 |   1 |  315.0 |
               +--------+--------+--------+--------+--------+-----+--------+

Top non-repeatable levels by time:
     D:9: 1598 daAuts
    D:10: 1423 daAuts
  Lair:1: 1270 daAuts
   Elf:2: 1117 daAuts
    D:14: 1109 daAuts
  Lair:5: 1088 daAuts
     D:7: 1020 daAuts
  Lair:3: 992 daAuts
     D:6: 988 daAuts
   Elf:1: 985 daAuts
     D:8: 965 daAuts
  Lair:4: 912 daAuts
     D:1: 878 daAuts
     D:2: 832 daAuts
     D:4: 784 daAuts
